 Dungeon Crawl Stone Soup version 0.30.1 (webtiles) character file.

Game seed: 3321918628608625968

29577 cheesebisquit the Martial Artist (level 13, -25/89 HPs)
             Began as an Octopode Transmuter on July 1, 2023.
             Was an Elder of Fedhas.
             Annihilated by a death yak simulacrum (41 damage)
             ... in an ice cave.
             The game lasted 01:31:06 (22479 turns).

cheesebisquit the Martial Artist (OpTm)            Turns: 22479, Time: 01:31:06

Health: -25/89     AC: 10    Str:  9    XL:     13   Next: 46%
Magic:  15/25      EV: 30    Int: 32    God:    Fedhas [****..]
Gold:   182        SH:  0    Dex: 26    Spells: 5/28 levels left

rFire   + .          .
                       - Unarmed
rCold   . . .        (shield currently unavailable)
rNeg    + . .        (helmet currently unavailable)
rPois   x            (no amulet)
rElec   .            f - ring of protection from fire
rCorr   +            W - ring of Laheeha {Will+ Dex+2}
SInv    +            h - ring of flight
Will    +....        m - +6 ring of intelligence
Stlth   +++          I - +6 ring of intelligence
HPRegen 0.34/turn    g - ring "Ykhlyace" {rN+ rCorr}
MPRegen 0.19/turn    S - +6 ring of dexterity
                     M - ring of see invisible

%: no passive effects
@: ice-armoured, spider-form, wereblooded (expiring), flying, hasted, very quick
A: venomous fangs, almost no armour, (amphibious), 8 rings, tiny, (camouflage
1), (gelatinous body 1), (nimble swimmer 1), (tentacles)
a: End Transformation, Renounce Religion, Wall of Briars, Grow Ballistomycete,
Overgrow


You were in an ice cave.
You worshipped Fedhas.
Fedhas was greatly pleased with you.
You were a venomous arachnid creature.
You visited 3 branches of the dungeon, and saw 14 of its levels.
You also visited: Sewer, Ossuary, Bailey and Ice Cave.

You collected 674 gold pieces.
You spent 492 gold pieces at shops.

Inventory:

Hand Weapons
 Q - the +8 spear of Inference {flame, Drain Will++}
   (You found it on level 8 of the Dungeon)

   Drain:     It drains your maximum health when unequipped.
   Will:      It greatly increases your willpower.
Missiles
 k - 2 javelins
 l - 45 poisoned darts
 v - 3 boomerangs
 T - a curare-tipped dart
Armour
 L - a +0 buckler
Jewellery
 f - a ring of protection from fire (left front pincers)
 g - the ring "Ykhlyace" (on tentacle) {rN+ rCorr}
   (You acquired it on level 10 of the Dungeon)

   [ring of positive energy]

   rN:        It protects you from negative energy.
   rCorr:     It protects you from acid and corrosion.
 h - a ring of flight (on tentacle)
 m - a +6 ring of intelligence (on tentacle)
 o - the amulet of the Supporting Gods {Faith Dex+5}
   (You took it off a tengu warrior on level 11 of the Dungeon)

   [amulet of faith]

   It allows you to gain divine favour quickly.
   Dex:       It affects your dexterity (+5).
 x - an amulet of guardian spirit
 I - a +6 ring of intelligence (on tentacle)
 M - a ring of see invisible (on tentacle)
 S - a +6 ring of dexterity (on tentacle)
 U - an amulet of faith
 W - the ring of Laheeha (right front pincers) {Will+ Dex+2}
   (You acquired it on level 10 of the Dungeon)

   [ring of willpower]

   Dex:       It affects your dexterity (+2).
   Will:      It increases your willpower.
Wands
 u - a wand of iceblast (8)
 J - a wand of polymorph (10)
 O - a wand of flame (12)
 R - a wand of paralysis (4)
 V - a wand of mindburst (6)
Scrolls
 b - 6 scrolls of vulnerability
 c - a scroll of enchant weapon
 j - 13 scrolls of teleportation
 n - 2 scrolls of immolation
 r - 2 scrolls of brand weapon
 s - 4 scrolls of fog
 t - 4 scrolls of enchant armour
 y - 3 scrolls of fear
 A - 2 scrolls of amnesia
 B - a scroll of torment
 E - 2 scrolls of poison
 F - 2 scrolls of summoning
 P - a scroll of silence
Potions
 a - 3 potions of lignification
 d - 4 potions of cancellation
 e - 5 potions of attraction
 p - 7 potions of mutation
 q - 2 potions of haste
 w - 3 potions of flight
 z - 2 potions of berserk rage
 D - a potion of might
 G - 4 potions of brilliance
 K - 3 potions of magic
 N - 2 potions of resistance
Miscellaneous
 X - a lightning rod (4/4)


   Skills:
 + Level 8.6 Fighting
 - Level 4.0 Throwing
 + Level 9.0 Dodging
 - Level 4.0 Stealth
 * Level 12.8 Unarmed Combat
 + Level 8.2 Spellcasting
 + Level 9.0 Transmutations
 - Level 4.0 Ice Magic
 - Level 4.0 Poison Magic
 + Level 2.9 Invocations


You had 5 spell levels left.
You knew the following spells:

 Your Spells              Type           Power      Damage    Failure   Level
a - Beastly Appendage     Tmut           100%       N/A       1%          1
b - Wereblood             Tmut           64%        N/A       1%          2
c - Spider Form           Tmut/Pois      53%        N/A       4%          3
d - Ice Form              Ice/Tmut       53%        N/A       10%         4
e - Ensorcelled Hibernat  Hex/Ice        52%        N/A       10%         2
f - Ozocubu's Armour      Ice            38%        N/A       9%          3
g - Alistair's Intoxicat  Tmut/Pois      35%        N/A       19%         5
h - Ignite Poison         Fire/Tmut/Pois 41%        N/A       8%          3

Your spell library contained the following spells:

 Spells                   Type           Power      Damage    Failure   Level
 Gell's Gravitas          Tloc           13%        N/A       26%         3
 Teleport Other           Tloc           13%        N/A       26%         3
 Volatile Blastmotes      Fire/Tloc      26%        2d12      26%         3
 Anguish                  Hex/Necr       6%         N/A       58%         4
 Manifold Assault         Tloc           13%        N/A       58%         4
 Sticky Flame             Conj/Fire      13%        2d4       58%         4
 Dispersal                Tloc           6%         N/A       100%        6
 Ozocubu's Refrigeration  Ice            19%        4d11      100%        7
 Disjunction              Tloc           6%         N/A       100%        8
 Ignition                 Fire           6%         3d4       100%        8


Dungeon Overview and Level Annotations

Branches:
Dungeon (12/15)            Temple (1/1) D:6            Lair (1/5) D:9
    Orc (0/2) D:11          Sewer (visited)         Ossuary (visited)
 Bailey (visited)           IceCv (1/1)

Altars:
Ashenzari
Cheibriados
Dithmenos
Elyvilon
Fedhas
Gozag
Hepliaklqana
Kikubaaqudgha
Makhleb
Nemelex Xobeh
Okawaru
Qazlal
Ru
Sif Muna
Trog
Uskayaw
Vehumet
Wu Jian
Xom
Yredelemnul
Zin
The Shining One

Shops:
D:2 ?*[   D:5 ?   D:8 (   D:11 [**:

Annotations:
D:5 3 runed translucent doors, erynZofia's ghost, amateur GrHu
D:12 exclusion: skeletal warrior


Innate Abilities, Weirdness & Mutations

You are a venomous arachnid creature.
You have venomous fangs.
You are tiny and dextrous.
Your spellcasting is less reliable in this form.
Your armour is entirely melded.
You are incapable of wielding weapons or throwing items.
You cannot wear most types of armour.
((You are amphibious.))
You can wear up to eight rings at the same time.
((Your skin changes colour to match your surroundings (Stealth+).))
((Your rubbery body absorbs attacks. (AC +1, EV +1)))
((You are camouflaged when in or above water. (Stealth+)))
((You have tentacles for arms and can constrict up to eight enemies at once.))


Message History

Confirm with . or Enter, or press ? or * to list all spells.
A film of ice covers your body!
You hiss as the wereblood boils in your veins!
The cane toad simulacrum misses you. The elephant simulacrum misses you.
The elephant simulacrum barely misses you.
You hit the elephant simulacrum.
The elephant simulacrum is moderately damaged.
The cane toad simulacrum hits you! The cane toad simulacrum freezes you!
* * * LOW HITPOINT WARNING * * *
The elephant simulacrum completely misses you.
The elephant simulacrum trunk-slaps you but does no damage.
You feel yourself speed up.
The cane toad simulacrum completely misses you.
You maul the elephant simulacrum!!
The elephant simulacrum vaporises!
You feel a bit better. Fedhas accepts your kill.
You hit the death yak simulacrum.
The death yak simulacrum is lightly damaged.
The cane toad simulacrum hits you but does no damage.
You hit the death yak simulacrum but do no damage.
The death yak simulacrum is lightly damaged.
The death yak simulacrum misses you.
The death yak simulacrum completely misses you.
You bite the death yak simulacrum!
The death yak simulacrum is heavily damaged.
The cane toad simulacrum closely misses you.
You bite the death yak simulacrum!
The death yak simulacrum is severely damaged.
You bite the death yak simulacrum!
The death yak simulacrum is almost destroyed.
You hiss as the wereblood boils in your veins!
Your primal bloodlust is almost over.
The cane toad simulacrum completely misses you.
The death yak simulacrum completely misses you.
The death yak simulacrum gores you!
* * * LOW HITPOINT WARNING * * *
The death yak simulacrum freezes you!!!
You die...
Fedhas appreciates your contribution to the ecosystem.

#####
##...##
##..∩..##
#.......#
#..Z∩...#
##sZ...##
##Z..##
#...#
...##
#...#
##...
##... #..


You could see 2 death yak simulacra and a cane toad simulacrum.

Vanquished Creatures
  An ogre mage (D:11)
  2 centaur warriors (D:11)
  A two-headed ogre (D:10)
  A boulder beetle (D:11)
  2 tengu warriors (D:11)
  2 skeletal warriors (D:12)
  Pikel (D:5)
  An orc knight (Bailey)
  2 ugly things (D:11)
  A necromancer (D:12)
  A manticore (D:11)
  3 cyclopes
  3 slime creatures (D:12)
  2 gargoyles
  A komodo dragon (D:12)
  2 kobold demonologists
  2 rime drakes (Lair:1)
  An unseen horror (D:11)
  4 trolls
  3 hornets
  4 dream sheep (Lair:1)
  2 shadows
  A vampire (D:10)
  A basilisk (D:11)
  22 yaks
  2 wraiths
  A wyvern (D:11)
  3 vampire mosquitoes
  A steam dragon (D:8)
  Menkaure (D:4)
  An acid dragon (D:10)
  2 water moccasins (D:8)
  A black bear (D:6)
  5 ogres
  4 lemures (D:5)
  7 centaurs
  A phantom (D:6)
  5 kobold brigands
  12 bullfrogs
  2 water moccasin zombies (Ossuary)
  3 scorpions
  4 wights (D:7)
  An elephant simulacrum (IceCv)
  8 killer bees
  A howler monkey (D:8)
  4 electric eels (D:12)
  5 centaur zombies (Ossuary)
  10 bullfrog zombies (Ossuary)
  4 hounds
  2 jellies
  10 orc priests
  Crazy Yiuf (D:5)
  A sleepcap (D:5)
  6 iguanas
  8 orc wizards
  4 polar bear simulacra (D:12)
  5 yak simulacra (D:12)
  2 killer bee zombies (Ossuary)
  12 mummies
  A howler monkey zombie (Ossuary)
  15 gnolls
  8 adders
  2 river rats
  A shadow imp (D:6)
  A white imp (D:6)
  An ufetubus (D:5)
  2 dart slugs
  32 orcs
  17 ball pythons
  5 bats
  10 endoplasms
  6 giant cockroaches
  13 goblins
  6 hobgoblins
  10 jackals
  18 kobolds
  2 quokkas
  7 frilled lizards
  34 rats
  2 river rat simulacra (D:12)
398 creatures vanquished.

Vanquished Creatures (others)
  A kobold brigand (D:10)
1 creature vanquished.

Grand Total: 399 creatures vanquished

Notes
Turn   | Place    | Note
-------+----------+-------------------------------------------
     0 | D:1      | cheesebisquit the Octopode Transmuter began the quest for
                  | the Orb.
     0 | D:1      | Reached XP level 1. HP: 13/13 MP: 3/3
    33 | D:1      | Reached XP level 2. HP: 18/18 MP: 3/5
    75 | D:1      | Found a faded altar of an unknown god.
   345 | D:1      | Reached XP level 3. HP: 18/23 MP: 6/6
   424 | D:1      | Learned a level 2 spell: Wereblood
   428 | D:1      | Learned a level 3 spell: Spider Form
   595 | D:1      | Reached skill level 1 in Stealth
  1084 | D:2      | Found Hoenar's Assorted Antiques.
  1105 | D:2      | Reached XP level 4. HP: 28/28 MP: 2/7
  1107 | D:2      | Reached skill level 1 in Poison Magic
  1540 | D:2      | Found Tyugh's Armour Shop.
  1575 | D:2      | Found Fetemel's Magic Scroll Emporium.
  1607 | D:2      | Bought a scroll of identify for 20 gold pieces
  1607 | D:2      | Bought a scroll of identify for 20 gold pieces
  1607 | D:2      | Bought a scroll of identify for 20 gold pieces
  1689 | D:2      | Reached XP level 5. HP: 34/34 MP: 4/8
  1950 | D:3      | Found a glowing drain.
  1962 | Sewer    | Entered a sewer
  2093 | Sewer    | Reached skill level 4 in Unarmed Combat
  2307 | Sewer    | HP: 2/51 [bullfrog (6)]
  2308 | Sewer    | Reached XP level 6. HP: 2/39 MP: 6/10
  2673 | D:2      | Bought a scroll of enchant armour for 75 gold pieces
  2826 | D:3      | Learned a level 4 spell: Ice Form
  2840 | D:3      | Found a glowing golden altar of the Shining One.
  2922 | D:3      | Found a snail-covered altar of Cheibriados.
  3002 | D:3      | Reached skill level 1 in Throwing
  3943 | D:4      | Reached XP level 7. HP: 25/45 MP: 4/11
  4282 | D:2      | Bought a scroll of fear for 40 gold pieces
  4391 | D:4      | Reached skill level 1 in Ice Magic
  4916 | D:4      | Noticed Menkaure
  5164 | D:5      | Entered Level 5 of the Dungeon
  5206 | D:5      | Reached skill level 5 in Unarmed Combat
  5520 | D:5      | Reached XP level 8. HP: 14/51 MP: 8/12
  5714 | D:5      | Found Diut Nau's Magic Scroll Shop.
  5720 | D:5      | Bought a scroll of identify for 24 gold pieces
  5724 | D:5      | Found a runed translucent gate.
  5726 | D:5      | Found a runed translucent gate.
  5728 | D:5      | Found a runed translucent gate.
  5729 | D:5      | Identified the +0 chain mail of the Falcon {-Tele rElec
                  | rF+}
  5730 | D:5      | Noticed erynZofia's ghost (amateur GrHu)
  5864 | D:5      | Found a sand-covered staircase.
  5881 | Ossuary  | Entered an ossuary
  6520 | Ossuary  | Reached skill level 6 in Unarmed Combat
  6647 | Ossuary  | Reached XP level 9. HP: 57/57 MP: 10/14
  7131 | D:5      | Noticed Pikel
  7183 | D:5      | Killed Pikel
  7293 | D:5      | Found a runed translucent door.
  7294 | D:5      | Noticed Crazy Yiuf
  7790 | D:2      | Bought a scroll labelled NOETUAC SOOJA for 20 gold pieces
  8066 | D:4      | Killed Menkaure
  8762 | D:6      | Reached skill level 7 in Unarmed Combat
  9100 | D:6      | Found a staircase to the Ecumenical Temple.
  9109 | Temple   | Entered the Ecumenical Temple
  9259 | Temple   | Became a worshipper of Fedhas Madash
  9436 | D:6      | Reached skill level 5 in Dodging
  9543 | D:6      | Reached skill level 5 in Transmutations
  9947 | D:7      | Reached XP level 10. HP: 65/65 MP: 11/17
 10063 | D:7      | Found a flagged portal.
 10080 | Bailey   | Entered a bailey
 10276 | Bailey   | Noticed an orc knight
 10294 | Bailey   | Killed an orc knight
 10294 | Bailey   | Reached * piety under Fedhas
 10295 | Bailey   | Reached skill level 5 in Spellcasting
 11436 | D:8      | Reached skill level 5 in Fighting
 11436 | D:8      | Reached skill level 8 in Unarmed Combat
 12064 | D:5      | Bought a scroll of identify for 24 gold pieces
 12064 | D:5      | Bought a scroll of identify for 24 gold pieces
 12107 | D:2      | Bought 2 scrolls labelled ZOXUST TYZISOS for 40 gold pieces
 12109 | D:2      | Reached skill level 10 in Unarmed Combat
 12109 | D:2      | Reached XP level 11. HP: 74/74 MP: 18/20
 12439 | D:5      | Killed Crazy Yiuf
 12631 | D:8      | Reached ** piety under Fedhas
 12775 | D:8      | Found Zosionya's Weapon Shop.
 12999 | D:2      | Bought a scroll of torment for 95 gold pieces
 13151 | D:8      | Identified the +8 spear of Inference {flame, Drain Will++}
 13749 | D:9      | Reached XP level 12. HP: 69/80 MP: 22/22
 13804 | D:9      | Learned a level 2 spell: Ensorcelled Hibernation
 13808 | D:9      | Learned a level 3 spell: Ozocubu's Armour
 14205 | D:9      | Found a staircase to the Lair.
 14307 | D:9      | Got Sif Muna's Papyrus of Toxic Peregrination
 14314 | D:9      | Learned a level 5 spell: Alistair's Intoxication
 14339 | D:10     | Entered Level 10 of the Dungeon
 14339 | D:10     | Noticed a two-headed ogre
 14541 | D:10     | Identified the +1 dagger "Vusmi" {pain, rC+}
 14610 | D:10     | Reached skill level 11 in Unarmed Combat
 14684 | D:10     | Reached *** piety under Fedhas
 15085 | D:10     | Identified 2 scrolls of acquirement
 15085 | D:10     | Acquired the ring of Laheeha {Will+ Dex+2}
 15090 | D:10     | Acquired the ring "Ykhlyace" {rN+ rCorr}
 15260 | D:10     | Killed a two-headed ogre
 15920 | D:11     | Found Ysuleczewocw's Assorted Antiques.
 15923 | D:11     | Found Cemeq's Book Boutique.
 15925 | D:11     | Found Cothrit's Antique Armour Boutique.
 15925 | D:11     | Found Lideur's General Store.
 16008 | D:11     | Bought a scroll of identify for 30 gold pieces
 16013 | D:11     | Bought a scroll of identify for 60 gold pieces
 16081 | D:11     | Found a staircase to the Orcish Mines.
 16315 | D:11     | Noticed a centaur warrior
 16329 | D:11     | Killed a centaur warrior
 16562 | D:11     | Paralysed by a hornet for 3 turns
 17170 | D:11     | Noticed a tengu warrior
 17174 | D:11     | Identified the +3 mace of Naetam {heavy, Str-3 Int+2
                  | Stlth+}
 17278 | D:11     | Identified the amulet of the Supporting Gods {Faith Dex+5}
 17278 | D:11     | Noticed a tengu warrior
 17570 | D:12     | Reached skill level 12 in Unarmed Combat
 18106 | D:12     | Learned a level 3 spell: Ignite Poison
 18850 | D:11     | Killed a tengu warrior
 18943 | D:11     | Found Cemeq's Book Boutique.
 18947 | D:11     | Found Ysuleczewocw's Assorted Antiques.
 18948 | D:11     | Found Lideur's General Store.
 18954 | D:11     | Found Cothrit's Antique Armour Boutique.
 19209 | D:11     | Reached XP level 13. HP: 86/88 MP: 14/24
 19393 | D:11     | Found a staircase to the Orcish Mines.
 19783 | D:11     | Reached skill level 1 in Invocations
 19992 | D:11     | Reached **** piety under Fedhas
 20413 | D:11     | Found Ysuleczewocw's Assorted Antiques.
 20416 | D:11     | Found Cothrit's Antique Armour Boutique.
 20416 | D:11     | Found Cemeq's Book Boutique.
 20607 | D:11     | Found Lideur's General Store.
 20623 | D:11     | Found a staircase to the Orcish Mines.
 22399 | Lair:1   | Entered Level 1 of the Lair of Beasts
 22427 | Lair:1   | Found a frozen archway.
 22465 | IceCv    | Entered an ice cave
 22479 | IceCv    | Annihilated by a death yak simulacrum

Illustrated notes

Levels and vault maps discovered:
D:1:      tarquinn_simple_flora_water_e, layout_basic,
          hellmonk_ecumenical_altar_prayer_group, minmay_ruptured
D:2:      layout_basic, serial_shops, shop, shop, shop,
          amcnicky_mini_rare_corridor_liquid
D:3:      layout_loops_ring, mainiacjoe_overflow_catch_the_wave,
          portal_sewer_entry_b
D:4:      layout_loops_ring, minmay_distorted, uniq_menkaure
D:5:      layout_basic, gup_ossuary_entry_pyramid,
          gammafunk_ghost_nasty_kobolds, serial_shops,
          nicolae_shop_rolling_square, uniq_pikel, uniq_crazy_yiuf_cottage
D:6:      layout_cave_pools, minmay_temple_entry_gardened_gates
D:7:      layout_gridville, enter_bailey_3
D:8:      layout_basic, serial_shops, nicolae_square_shop,
          minmay_fractal_squares_diagonal_5
D:9:      layout_grid_maze, dpeg_oklobed_lair
D:10:     layout_cave_pools
D:11:     minmay_the_grid_triangle_9x9_recursive_3_mashed
          [minmay_the_grid_triangle_9x9_steps,
          minmay_the_grid_triangle_9x9_sprig,
          minmay_the_grid_triangle_9x9_descending_squares,
          minmay_the_grid_triangle_9x9_prize_center,
          minmay_the_grid_triangle_9x9_empty,
          minmay_the_grid_triangle_9x9_wacky_v,
          minmay_the_grid_triangle_9x9_from_above,
          minmay_the_grid_triangle_9x9_cache,
          minmay_the_grid_triangle_9x9_zippers_vertical], layout_cave_pods,
          minmay_shop_grid_forest
D:12:     layout_basic, eino_house_with_fridge
Temple:   nicolae_temple_bog_church
Lair:1:   layout_chaotic_city, portal_ice_cave_rime, lemuel_fruit_tree
IceCv:    ice_cave_small_necro

Skill      XL: |  1  2  3  4  5  6  7  8  9 10 11 12 13 |
---------------+----------------------------------------+-----
Stealth        | 1 2 3 4 |  4.0
Poison Magic   | 1 2 3 4 |  4.0
Unarmed Combat | 4 5 6 7 10 12 | 12.8
Fighting       | 2 3 4 6 8 |  8.6
Transmutations | 3 4 5 7 8 9 |  9.0
Dodging        | 3 4 5 7 8 9 |  9.0
Throwing       | 1 2 4 |  4.0
Spellcasting   | 3 4 6 7 8 |  8.2
Ice Magic      | 1 2 3 4 |  4.0
Invocations    | 2 |  2.9

Action                     |  1- 3 |  4- 6 |  7- 9 | 10-12 | 13-15 || total
---------------------------+-------+-------+-------+-------+-------++-------
  Melee: Unarmed           |    80 |   164 |   309 |   452 |   143 ||  1148
         Kick              |    21 |    18 |    78 |     5 |       ||   122
         Constrict         |    15 |    26 |    32 |     2 |       ||    75
         Tentacles         |    13 |    11 |    53 |     4 |     2 ||    83
         Punch             |       |     3 |    11 |     2 |       ||    16
  Throw: Dart              |       |       |       |     1 |       ||     1
   Cast: Beastly Appendage |    19 |    17 |    25 |     1 |       ||    62
         Wereblood         |     9 |    26 |    43 |    52 |    10 ||   140
         Spider Form       |       |    17 |    14 |    20 |    14 ||    65
         Ice Form          |       |       |    15 |    31 |     1 ||    47
         Ozocubu's Armour  |       |       |       |    25 |    11 ||    36
         Alistair's Intoxi |       |       |       |     7 |     2 ||     9
         Ignite Poison     |       |       |       |     2 |    13 ||    15
  Evoke: Wand              |       |       |       |     1 |     1 ||     2
    Use: Scroll            |       |     9 |     8 |    16 |     1 ||    34
         Potion            |       |     3 |     2 |    14 |     1 ||    20
   Stab: Sleeping          |     3 |     7 |     5 |     6 |       ||    21
         Invisible         |       |       |       |     5 |       ||     5
         Confused          |       |       |       |     4 |       ||     4
 Armour: Skin              |     7 |    58 |    27 |   113 |    18 ||   223
  Dodge: Dodged            |    45 |   129 |   201 |   433 |   134 ||   942
